 Dungeon Crawl Stone Soup version 0.18.2-3-g5ac21b8443 (webtiles) character file.

947 Bambalam the Cutter (level 8, -4/50 HPs)
             Began as an Octopode Assassin on May 29, 2022.
             Was a Believer of Okawaru.
             Slain by a centaur (6 damage)
             ... on level 6 of the Dungeon.
             The game lasted 00:25:50 (4848 turns).

Bambalam the Cutter (Octopode Assassin)             Turns: 4848, Time: 00:25:50

Health: -4/50      AC:  1    Str: 10    XL:     8   Next: 13%
Magic:  7/11       EV: 17    Int: 14    God:    Okawaru [**....]
Gold:   168        SH:  0    Dex: 15    Spells: 3 memorised, 4 levels left

rFire  . . .     SeeInvis .     w - +2 dagger
rCold  . . .     Gourm    .     (no shield)
rNeg   . . .     Faith    .     (helmet restricted)
rPois  .         Spirit   .     (no amulet)
rElec  .         Dismiss  .     (no ring)
rCorr  .         Reflect  .     (no ring)
SustAt .         Harm     .     (no ring)
MR     .....                    (no ring)
Stlth  ++++++....               (no ring)
                                (no ring)
                                (no ring)
                                (no ring)

@: heroism, very slightly contaminated, not resistant to hostile enchantments,
very stealthy
A: almost no armour, amphibious, 8 rings, constrict 8, camouflage 1, gelatinous
body 1
a: Heroism, Renounce Religion


You were on level 6 of the Dungeon.
You worshipped Okawaru.
Okawaru was pleased with you.
You were not hungry.

You visited 2 branches of the dungeon, and saw 7 of its levels.

You collected 168 gold pieces.

Inventory:

Hand Weapons
 k - a +2 short sword of speed
 q - a +0 blowgun
 v - a +0 war axe of chopping
 w - a +2 dagger (weapon)
 G - a +0 shortbow of freezing
Missiles
 a - 138 stones (quivered)
 c - 8 poisoned needles
 d - a curare-tipped needle
 n - 104 arrows
 y - 2 needles of frenzy
 C - 14 bolts
 H - 18 sling bullets
Jewellery
 r - an uncursed ring of resist corrosion {unknown}
Wands
 s - a wand of acid (7/15)
Scrolls
 b - a scroll of fog {unknown}
 g - 2 scrolls of teleportation {unknown}
 i - 3 scrolls of remove curse {unknown}
 m - a scroll of magic mapping {unknown}
 o - 2 scrolls of identify {unknown}
 t - a scroll of amnesia {unknown}
 I - a scroll of noise {unknown}
Potions
 e - a potion of cancellation {unknown}
 h - a potion of haste {unknown}
 j - 4 potions of curing {unknown}
 u - 2 potions of brilliance {unknown}
 D - a potion of heal wounds {unknown}
 E - 2 potions of lignification {unknown}
Books
 B - a book of Battle

   Spells                             Type                      Level
   a - Infusion                       Charms                       1
   b - Shroud of Golubria             Charms/Translocation         2
   c - Song of Slaying                Charms                       2
   d - Spectral Weapon                Hexes/Charms                 3
   e - Regeneration                   Charms/Necromancy            3
Comestibles
 f - 4 bread rations
 l - 2 meat rations
 p - a slice of pizza
 x - a beef jerky
 z - 7 fruits
 A - a royal jelly
 F - 5 chunks of flesh


   Skills:
 - Level 2.0(7.0) Fighting
 - Level 6.2(11.2) Short Blades
 - Level 2.0(7.0) Throwing
 - Level 3.0(8.0) Dodging
 - Level 5.3(10.3) Stealth
 - Level 2.0 Spellcasting
 * Level 2.8 Hexes
 * Level 3.4 Charms
 - Level 2.0 Necromancy
 - Level 1.2 Invocations


You had 4 spell levels left.
You knew the following spells:

 Your Spells              Type           Power        Failure   Level  Hunger
a - Infusion              Chrm           ##..         10%         1    ##.....
b - Spectral Weapon       Hex/Chrm       ##......     21%         3    ####...
R - Regeneration          Chrm/Necr      #.........   24%         3    ####...


Dungeon Overview and Level Annotations

Branches:
Dungeon (6/15)             Temple (1/1) D:6

Altars:
Ashenzari
Cheibriados
Dithmenos
Elyvilon
Fedhas
Gozag
Kikubaaqudgha
Makhleb
Nemelex Xobeh
Okawaru
Pakellas
Qazlal
Ru
Sif Muna
Trog
Vehumet
Xom
Yredelemnul
Zin
The Shining One

Annotations:
D:1 1 exclusion
D:5 exclusion: vampire bat
D:6 exclusions: orc and orc priest


Innate Abilities, Weirdness & Mutations

You cannot wear most types of armour.
You are amphibious.
You can wear up to eight rings at the same time.
You can use your tentacles to constrict eight enemies at once.
Your skin changes colour to match your surroundings (Stealth).
Your rubbery body absorbs attacks (AC +1).


Message History

You feel slightly more hungry. The centaur misses you.
You barely miss the centaur. Your squeeze misses the centaur.
The centaur is heavily wounded.
The centaur barely misses you.
You hit the centaur but do no damage.
The centaur is heavily wounded.
The centaur hits you!
* * * LOW HITPOINT WARNING * * *
You closely miss the centaur.
The centaur is heavily wounded.
The centaur hits you but does no damage.
You barely miss the centaur.
The centaur is heavily wounded.
The centaur completely misses you.
You barely miss the centaur.
The centaur is heavily wounded.
You hit the centaur.
The centaur is heavily wounded.
The centaur hits you.
You die...

#....#.................
#...#..........#+#####
#...##'######+## #........#
#........# +........# ###
#........# #.. #........# #..
#####@#### #.. #..(.c# #..
#..........c.. #..
#............. #..
###########............ ######..
#.........#............ #.......
#.........###############.......
#...............................
#...............................


You could see a centaur.

Vanquished Creatures
  3 ogres
  A phantom (D:5)
  A centaur (D:5)
  A giant frog (D:6)
  A vampire bat (D:5)
  A hound (D:4)
  2 orc priests
  A giant frog skeleton (D:4)
  An orc wizard (D:5)
  An iguana (D:4)
  3 worker ants
  A hound skeleton (D:4)
  A worker ant zombie (D:6)
  5 adders
  A shadow imp (D:6)
  An adder skeleton (D:4)
  A worm (D:2)
  3 dart slugs (D:1)
  A giant gecko (D:1)
  8 orcs
  3 bat skeletons (D:5)
  3 bat zombies (D:5)
  5 giant cockroaches
  2 gnoll zombies (D:5)
  5 goblins
  9 hobgoblins
  6 jackals (D:2)
  10 kobolds
  3 quokkas
  6 bats
  2 giant newts
  A quokka skeleton (D:4)
  4 rats
97 creatures vanquished.

Notes
Turn   | Place    | Note
--------------------------------------------------------------
     0 | D:1      | Bambalam the Octopode Assassin began the quest for the Orb.
     0 | D:1      | Reached XP level 1. HP: 14/14 MP: 1/1
   117 | D:1      | Reached XP level 2. HP: 19/19 MP: 2/2
   182 | D:1      | Reached skill level 3 in Short Blades
   511 | D:1      | Reached XP level 3. HP: 23/24 MP: 3/3
  1065 | D:2      | Reached skill level 4 in Short Blades
  1176 | D:2      | Reached XP level 4. HP: 22/29 MP: 4/4
  1328 | D:2      | Found an iron altar of Okawaru.
  1360 | D:2      | Became a worshipper of Warmaster Okawaru
  1387 | D:2      | Found a deep blue altar of Sif Muna.
  1506 | D:2      | Found a faded altar to an unknown god.
  1974 | D:3      | Reached XP level 5. HP: 34/34 MP: 5/5
  1987 | D:3      | Reached skill level 5 in Short Blades
  2527 | D:4      | Reached skill level 1 in Invocations
  3031 | D:4      | Noticed an ogre
  3059 | D:4      | Killed an ogre
  3059 | D:4      | Reached * piety under Okawaru
  3059 | D:4      | Reached skill level 6 in Short Blades
  3059 | D:4      | Reached XP level 6. HP: 39/39 MP: 6/6
  3122 | D:4      | Learned a level 3 spell: Regeneration
  3435 | D:5      | Entered Level 5 of the Dungeon
  3570 | D:5      | Reached skill level 1 in Charms
  3571 | D:5      | Found a basalt altar of Yredelemnul.
  3598 | D:5      | Reached skill level 1 in Spellcasting
  3598 | D:5      | Reached skill level 1 in Necromancy
  3598 | D:5      | Reached XP level 7. HP: 43/45 MP: 8/8
  3601 | D:5      | Learned a level 1 spell: Infusion
  3605 | D:5      | Learned a level 3 spell: Spectral Weapon
  3624 | D:5      | Found a glowing silver altar of Zin.
  3818 | D:5      | Found a glowing golden altar of the Shining One.
  3923 | D:5      | Reached ** piety under Okawaru
  3945 | D:5      | Found an ancient bone altar of Kikubaaqudgha.
  3951 | D:5      | Reached skill level 1 in Hexes
  4208 | D:6      | Reached XP level 8. HP: 50/50 MP: 11/11
  4270 | D:6      | Found a staircase to the Ecumenical Temple.
  4279 | Temple   | Entered the Ecumenical Temple
  4844 | D:6      | HP: 2/50 [centaur (8)]
  4848 | D:6      | Slain by a centaur

Skill      XL: |  1  2  3  4  5  6  7 |
---------------+----------------------+-----
Short Blades   | 3 4 6 |  6.2
Invocations    | 1 |  1.2
Dodging        | 2 3 |  3.0
Charms         | 1 3 |  3.4
Spellcasting   | 1 2 |  2.0
Necromancy     | 1 2 |  2.0
Hexes          | 2 |  2.8
Fighting       | |  2.0
Throwing       | |  2.0
Stealth        | |  5.3

Action                   |  1- 3 |  4- 6 |  7- 9 || total
-------------------------+-------+-------+-------++-------
Melee: Dagger            |    60 |    89 |    93 ||   242
       Constrict         |    14 |    21 |    14 ||    49
       Tentacles         |     6 |    14 |    13 ||    33
 Fire: Blowgun           |     8 |    31 |    10 ||    49
Throw: Stone             |     3 |       |     7 ||    10
 Cast: Regeneration      |       |       |     3 ||     3
       Infusion          |       |       |     2 ||     2
Invok: Heroism           |       |       |     1 ||     1
 Stab: Sleeping          |    10 |    17 |     2 ||    29
  Eat: Chunk             |     1 |     7 |     5 ||    13
Armor: Skin              |     2 |     3 |    10 ||    15
Dodge: Dodged            |    19 |    19 |    38 ||    76
